 Dungeon Crawl Stone Soup version 0.30-a0-222-ge547ba4400 (webtiles) character file.

Game seed: 4734126058959148448

19217 AarnesTheHuman the Fighter (level 13, -3/90 HPs)
             Began as a Formicid Fighter on Oct 7, 2022.
             Was an Elder of Ru.
             Slain by an elephant (18 damage)
             ... on level 1 of the Lair of Beasts on Oct 9, 2022.
             The game lasted 00:45:41 (17173 turns).

AarnesTheHuman the Fighter (Formicid Fighter)      Turns: 17173, Time: 00:45:41

Health: -3/90      AC: 15    Str: 30    XL:     13   Next: 2%
Magic:  8/13       EV:  9    Int: 10    God:    Ru [****..]
Gold:   785        SH:  6    Dex: 15    Spells: 12/12 levels left

rFire   + . .      SeeInvis +    a - +7 great mace of Destruction {vorpal, rElec SInv}
rCold   + . .      Faith    .    c - +0 buckler
rNeg    . . .      Spirit   .    n - +1 plate armour "Ohoerre" {rF+ Dex+2}
rPois   .          Reflect  .    (helmet unavailable)
rElec   +          Harm     .    r - scarf {repulsion}
rCorr   .          Rampage  .    l - +0 pair of gloves
Will    +....                    (no boots)
Stlth   ..........               P - amulet of the acrobat
HPRegen 0.35/turn                s - +6 ring of strength
MPRegen 0.13/turn                J - ring of protection from cold

@: mighty, exhausted, repel missiles, unable to read
A: permanent stasis, dig shafts and tunnels, antennae 3, frail 1, inability to
read after injury 2, unskilled 1, four strong arms
a: Dig, Shaft Self, Renounce Religion, Draw Out Power, Power Leap


You were on level 1 of the Lair of Beasts.
You worshipped Ru.
Ru was greatly pleased with you.
You visited 3 branches of the dungeon, and saw 14 of its levels.

You collected 785 gold pieces.

Inventory:

Hand Weapons
 a - the +7 great mace of Destruction (weapon) {vorpal, rElec SInv}
   (You found it on level 11 of the Dungeon)

   It inflicts extra damage upon your enemies.
   rElec:     It insulates you from electricity.
   SInv:      It lets you see invisible.
 b - a +1 shortbow of freezing
 f - a +4 dagger
 q - a +0 whip of venom
 L - a +2 dagger of freezing
 R - a +2 quarterstaff of protection
Missiles
 g - 81 stones
 k - 11 poisoned darts (quivered)
 y - 13 boomerangs
Armour
 c - a +0 buckler (worn)
 j - a +2 robe of willpower
 l - a +0 pair of gloves (worn)
 n - the +1 plate armour "Ohoerre" (worn) {rF+ Dex+2}
   (You acquired it on level 10 of the Dungeon)

   Dex:       It affects your dexterity (+2).
   rF:        It protects you from fire.
 r - a scarf of repulsion (worn)
 t - a +1 leather armour of fire resistance
Magical Staves
 o - a staff of poison
Jewellery
 s - a +6 ring of strength (left hand)
 u - a +6 ring of intelligence
 w - a ring of magical power
 J - a ring of protection from cold (right hand)
 M - an amulet of guardian spirit
 P - an amulet of the acrobat (around neck)
Wands
 d - a wand of flame (53)
 C - a wand of acid (8)
 K - a wand of digging (3)
 S - a wand of iceblast (11)
Scrolls
 h - a scroll of brand weapon
 m - 2 scrolls of enchant weapon
 A - a scroll of silence
 E - a scroll of amnesia
 F - a scroll of summoning
 G - a scroll of teleportation {unknown}
 H - 3 scrolls of fear
 I - a scroll of poison
 N - a scroll of blinking
 Q - a scroll of identify
Potions
 e - a potion of curing
 i - 4 potions of magic
 p - a potion of degeneration
 v - 3 potions of ambrosia
 z - a potion of cancellation
 D - a potion of attraction
 O - a potion of lignification {unknown}


   Skills:
 - Level 9.6 Fighting
 + Level 6.2(8.7) Maces & Flails
 - Level 9.3(10.2) Staves
 - Level 9.1 Ranged Weapons
 - Level 7.3 Armour
 - Level 3.8 Dodging
 - Level 8.2 Shields


You had 12 spell levels left.
You didn't know any spells.
Your spell library contained the following spells:

 Spells                   Type           Power      Damage    Failure   Level
 Beastly Appendage        Tmut           0%         N/A       98%         1
 Sandblast                Erth           0%         2d4       98%         1
 Slow                     Hex            0%         N/A       98%         1
 Cigotuvi's Dreadful Rot  Necr/Pois/Air  0%         N/A       99%         2
 Passwall                 Tmut/Erth      0%         N/A       99%         2
 Poisonous Vapours        Pois/Air       0%         N/A       99%         2
 Wereblood                Tmut           0%         N/A       99%         2
 Call Canine Familiar     Summ           0%         N/A       100%        3
 Confusing Touch          Hex            0%         N/A       100%        3
 Mephitic Cloud           Conj/Pois/Air  0%         N/A       100%        3
 Portal Projectile        Hex/Tloc       0%         N/A       100%        3
 Spider Form              Tmut/Pois      0%         N/A       100%        3
 Stone Arrow              Conj/Erth      0%         3d7       100%        3
 Vampiric Draining        Necr           0%         2d6       100%        3
 Animate Armour           Summ/Erth      0%         N/A       100%        4
 Leda's Liquefaction      Hex/Erth       0%         N/A       100%        4
 Lehudib's Crystal Spear  Conj/Erth      0%         10d2      100%        8


Dungeon Overview and Level Annotations

Branches:
Dungeon (11/15)            Temple (1/1) D:5            Lair (2/5) D:10
 Spider (0/4) Lair:2          Orc (0/2) D:9
  Swamp: Lair:2-3    Shoals: Lair:2-3

Altars:
Ashenzari
Cheibriados
Dithmenos
Elyvilon
Fedhas
Gozag
Hepliaklqana
Kikubaaqudgha
Makhleb
Nemelex Xobeh
Okawaru
Qazlal
Ru
Sif Muna
Trog
Uskayaw
Vehumet
Wu Jian
Xom
Yredelemnul
Zin
The Shining One

Shops:
D:9 (

Annotations:
D:2 1 runed translucent door, Crazy Yiuf
D:3 exclusion: downstairs
D:9 exclusion: downstairs
Lair:1 1 transporter, Ayihk420's ghost, journeyman TeRe


Innate Abilities, Weirdness & Mutations

You cannot be hasted, slowed, berserked, paralysed or teleported.
You can dig through walls and to a lower floor.
You have a pair of large antennae on your head. (SInv)
You are frail. (-10% HP)
You sometimes lose the ability to read scrolls when taking damage.
You are somewhat unskilled. (-1 Apt)
Your four strong arms can wield two-handed weapons with a shield.


Message History

You are poisoned.
The cane toad poisons you!
Aiming: Power Leap
Press: ? - help, Dir - move target
* * * LOW HITPOINT WARNING * * *
You feel very sick.
You hear a croak.
The moth of wrath is stunned by your conviction and fails to attack.
The elephant is engulfed in poison gas.
The elephant looks as sick as possible!
You feel much better.
You feel very sick. The moth of wrath bites you.
* * * LOW HITPOINT WARNING * * *
You hear a loud, deep croak!
The elephant is engulfed in poison gas.
The elephant looks as sick as possible!
The moth of wrath bites you but does no damage.
You cannot read scrolls in your current state!
Unknown command.
Unknown command.
You cannot read scrolls in your current state!
Unknown command.
Unknown command.
You feel better. The moth of wrath barely misses you.
The elephant tramples you.
You hold your ground!
The elephant trunk-slaps you.
* * * LOW HITPOINT WARNING * * *
The moth of wrath bites you but does no damage.
The moth of wrath barely misses you. The elephant closely misses you.
The elephant trunk-slaps you.
* * * LOW HITPOINT WARNING * * *
You bludgeon the elephant!!
The elephant is heavily wounded.
The moth of wrath barely misses you. The elephant barely misses you.
The elephant trunk-slaps you but does no damage.
The moth of wrath barely misses you. The moth of wrath bites you.
* * * LOW HITPOINT WARNING * * *
You bludgeon the elephant!!
The elephant is almost dead.
The cane toad rages.
The elephant tramples you!!
You die...

...............####©###......#
...........#####. ###.##.....#
...........#.§..# ☼☼.§.##....#
#.........##.☼§#. ☼#☼.. #.##.#
#.........#§..§§.#§§##..#..#.#
#......##.#©.##§.©○○#...#..#.#
#.........#..§§F#W§○..#.##.#.#
#.....)##.##§##Yyy###§§§.#.#.#
#..........#...§@[○$.#..##.#.#
#.......##.##.○#####..###..#.#
##.....###..####.©.####...##.##
##.....# ##..............###..#
##.....#######...............##
##...........................#
###P#.##...##.##########.####
############# ###


You could see an elephant (berserk, extremely poisoned), 2 moths of wrath, a
cane toad (berserk) and Ayihk420's ghost.

Vanquished Creatures
  Josephine (D:10)
  A centaur warrior (D:10)
  A boulder beetle (D:11)
  A two-headed ogre (D:8)
  6 elephants
  An unseen horror (D:7)
  4 cane toads
  Maggie (D:7)
  2 rime drakes (Lair:1)
  2 komodo dragons (Lair:1)
  2 trolls (D:10)
  A jumping spider (Lair:2)
  5 wyverns
  A vampire (D:10)
  A shadow (D:9)
  23 yaks
  5 wraiths (D:10)
  Eustachio (D:3)
  2 basilisks (D:10)
  Menkaure (D:5)
  2 two-headed ogre zombies (D:9)
  5 water moccasins
  3 orc warriors
  2 sky beasts (D:7)
  5 black bears
  2 ice beasts (D:5)
  3 ogres
  2 wolves (D:10)
  5 centaurs
  3 phantoms
  A scorpion (D:5)
  6 bullfrogs
  2 necrophages
  5 wights (D:10)
  16 killer bees
  2 troll zombies (D:9)
  3 howler monkeys
  2 hounds
  2 quasits (D:5)
  12 orc priests
  A gnoll bouda (D:5)
  2 jellies
  4 iguanas
  11 orc wizards
  4 ogre zombies (D:9)
  6 gnolls
  3 adders
  2 shadow imps (D:5)
  2 white imps (D:5)
  4 ufetubi (D:5)
  2 worms
  A dart slug (D:4)
  40 orcs
  8 ball pythons
  2 endoplasms
  3 giant cockroaches
  5 goblins
  7 hobgoblins
  2 jackals (D:1)
  3 quokkas
  5 bats (D:1)
  A frilled lizard (D:1)
  3 goblin zombies (D:9)
  2 hobgoblin skeletons (D:9)
  A hobgoblin zombie (D:9)
  14 kobolds
  4 orc skeletons (D:9)
  15 orc zombies (D:9)
  5 rats
307 creatures vanquished.

Vanquished Creatures (others)
  An orc warrior (D:7)
  2 demonic plants (D:5)
  6 fungi
  19 plants
28 creatures vanquished.

Grand Total: 335 creatures vanquished

Notes
Turn   | Place    | Note
-------+----------+-------------------------------------------
     0 | D:1      | AarnesTheHuman the Formicid Fighter began the quest for the
                  | Orb.
     0 | D:1      | Reached XP level 1. HP: 18/18 MP: 1/1
    81 | D:1      | Reached XP level 2. HP: 24/24 MP: 2/2
   117 | D:1      | Found a faded altar of an unknown god.
   285 | D:1      | Reached XP level 3. HP: 12/29 MP: 3/3
   843 | D:2      | Found a bloodstained altar of Trog.
   928 | D:2      | Found a runed translucent door.
   929 | D:2      | Noticed Crazy Yiuf
  1279 | D:2      | Reached XP level 4. HP: 36/37 MP: 4/4
  2322 | D:2      | Reached XP level 5. HP: 31/42 MP: 5/5
  2383 | D:3      | Reached skill level 5 in Shields
  2982 | D:4      | Noticed Eustachio
  3319 | D:4      | Reached XP level 6. HP: 47/49 MP: 6/6
  3381 | D:4      | Noticed a black bear
  3612 | D:4      | Reached XP level 7. HP: 55/55 MP: 7/7
  3715 | D:4      | Noticed a wyvern
  3731 | D:3      | Killed a wyvern
  3732 | D:3      | Reached skill level 5 in Fighting
  3732 | D:3      | Reached skill level 5 in Armour
  3744 | D:3      | Killed Eustachio
  4430 | D:4      | Reached XP level 8. HP: 64/64 MP: 8/8
  4775 | D:5      | Entered Level 5 of the Dungeon
  4775 | D:5      | Found a staircase to the Ecumenical Temple.
  4783 | Temple   | Entered the Ecumenical Temple
  4925 | Temple   | Became a worshipper of Ru the Awakened
  5051 | D:5      | Reached skill level 5 in Staves
  5934 | D:5      | Noticed Menkaure
  5946 | D:5      | Killed Menkaure
  5947 | D:5      | Reached XP level 9. HP: 71/71 MP: 9/9
  6025 | D:5      | Found a stormy altar of Qazlal.
  6025 | D:5      | Found a snail-covered altar of Cheibriados.
  6481 | D:5      | Found an ornate altar of the Wu Jian Council.
  6869 | D:6      | Found a white marble altar of Elyvilon.
  7204 | D:6      | Upgraded the game from 0.30-a0-219-gf2db51d15e to
                  | 0.30-a0-222-ge547ba4400
  7210 | D:6      | Gained mutation: You are frail. (-10% HP) [Ru sacrifice]
  7210 | D:6      | Reached * piety under Ru
  7436 | D:6      | Found a white marble altar of Elyvilon.
  7936 | D:7      | Noticed an unseen horror
  8039 | D:7      | Killed an unseen horror
  8268 | D:7      | Found an iron altar of Okawaru.
  8322 | D:7      | Reached XP level 10. HP: 60/73 MP: 10/10
  9262 | D:7      | Reached skill level 1 in Ranged Weapons
  9459 | D:7      | Noticed Maggie
  9487 | D:7      | Killed Maggie
 10435 | D:8      | Noticed a two-headed ogre
 10453 | D:8      | Killed a two-headed ogre
 11183 | D:8      | Reached XP level 11. HP: 43/80 MP: 11/11
 11305 | D:9      | Reached skill level 1 in Dodging
 11518 | D:9      | Gained mutation: You occasionally lose the ability to read
                  | scrolls when taking damage. [Ru sacrifice]
 11518 | D:9      | Gained mutation: You sometimes lose the ability to read
                  | scrolls when taking damage. [Ru sacrifice]
 11518 | D:9      | Reached ** piety under Ru
 11518 | D:9      | Reached *** piety under Ru
 11565 | D:9      | Found Asiom's Weapon Emporium.
 11872 | D:9      | Found a staircase to the Orcish Mines.
 13180 | D:10     | Entered Level 10 of the Dungeon
 13577 | D:10     | Noticed a centaur warrior
 13593 | D:10     | Killed a centaur warrior
 13599 | D:10     | Noticed Josephine
 13627 | D:10     | Killed Josephine
 13886 | D:10     | Reached XP level 12. HP: 71/87 MP: 12/12
 14050 | D:10     | Identified a scroll of acquirement
 14050 | D:10     | Acquired the +1 plate armour "Ohoerre" {rF+ Dex+2}
 14103 | D:10     | Reached skill level 10 in Ranged Weapons
 14246 | D:10     | Reached skill level 10 in Fighting
 14955 | D:10     | Reached skill level 10 in Staves
 15213 | D:10     | Found a staircase to the Lair.
 15308 | D:10     | Gained mutation: You are somewhat unskilled. (-1 Apt) [Ru
                  | sacrifice]
 15308 | D:10     | Reached **** piety under Ru
 15796 | D:11     | Noticed a boulder beetle
 15807 | D:11     | Killed a boulder beetle
 15913 | D:11     | Identified the +7 great mace of Destruction {vorpal, rElec
                  | SInv}
 15978 | Lair:1   | Entered Level 1 of the Lair of Beasts
 15994 | Lair:1   | Reached skill level 1 in Maces & Flails
 16235 | Lair:1   | Found a transporter.
 16247 | Lair:1   | Found a transporter.
 16249 | Lair:1   | Noticed Ayihk420's ghost (journeyman TeRe)
 16298 | Lair:1   | Reached skill level 5 in Maces & Flails
 17071 | Lair:2   | Found a hole to the Spider Nest.
 17078 | Lair:2   | Reached XP level 13. HP: 90/90 MP: 13/13
 17173 | Lair:1   | Slain by an elephant

Illustrated notes

Levels and vault maps discovered:
D:1:      grunt_arrival_lava_bath, layout_basic,
          hellmonk_ecumenical_altar_dog_temple, minmay_crystal_room,
          minmay_close_crescents
D:2:      layout_basic, basic_altar, minmay_pentomino_s4,
          uniq_crazy_yiuf_cottage
D:3:      layout_basic
D:4:      layout_gridville, uniq_eustachio
D:5:      layout_basic, nicolae_overflow_two_pavilions,
          mainiacjoe_overflow_alcove_4, minmay_temple_entry_statues,
          serial_demonic, serial_demonic_d, serial_demonic_b, serial_demonic_d,
          serial_demonic_c, serial_demonic_f, serial_demonic_d,
          minmay_misc_feat_roman, uniq_menkaure
D:6:      layout_cave_pools, mainiacjoe_overflow_concentric_impassable,
          st_stairs_10
D:7:      layout_basic, mainiacjoe_overflow_brackets, uniq_maggie
D:8:      layout_rooms, kennysheep_cross_bottleneck
D:9:      layout_loops_cross, zombieorc2_lemuel, serial_shops, shop
D:10:     layout_layer_cave, minmay_lair_entry_grove,
          hangedman_decor_clover_reticule, uniq_josephine
D:11:     layout_small_grid, nicolae_trove_entry_path_of_doom, uniq_fannar
Temple:   minmay_crystal_spiral_temple
Lair:1:   layout_regular_city, gammafunk_ghost_berserking_beasts,
          enter_volcano_2
Lair:2:   layout_gridlike, palyth_hydra_swamp_entry, spider_nest_entry_a

Skill      XL: |  1  2  3  4  5  6  7  8  9 10 11 12 |
---------------+-------------------------------------+-----
Fighting       | 4 5 6 8 9 9 |  9.6
Armour         | 4 5 6 7 |  7.3
Staves         | 3 4 6 8 9 9 |  9.3
Shields        | 5 6 7 9 8 |  8.2
Ranged Weapons | 7 9 9 |  9.1
Dodging        | 3 3 |  3.8
Maces & Flails | 6 |  6.2

Action                   |  1- 3 |  4- 6 |  7- 9 | 10-12 | 13-15 || total
-------------------------+-------+-------+-------+-------+-------++-------
Melee: Quarterstaff      |   123 |   102 |   285 |   642 |       ||  1152
       Staff             |       |     3 |       |       |       ||     3
       Whip              |       |       |       |    46 |       ||    46
       Great mace        |       |       |       |    65 |     7 ||    72
 Fire: Longbow           |       |       |       |    32 |       ||    32
       Shortbow          |       |       |       |    26 |       ||    26
Throw: Stone             |       |    18 |    21 |       |       ||    39
       Dart              |       |       |    33 |    20 |       ||    53
Invok: Sacrifice Health  |       |       |     1 |       |       ||     1
       Draw Out Power    |       |       |       |     2 |       ||     2
       Sacrifice Words   |       |       |       |     1 |       ||     1
       Sacrifice Skill   |       |       |       |     1 |       ||     1
       Power Leap        |       |       |       |       |     1 ||     1
 Abil: Dig               |     2 |     1 |       |     3 |       ||     6
Evoke: Wand              |       |       |    10 |     5 |       ||    15
  Use: Scroll            |       |     7 |     4 |     9 |     1 ||    21
       Potion            |       |     2 |     4 |     1 |     3 ||    10
 Stab: Invisible         |       |       |     1 |       |       ||     1
       Distracted        |       |       |     1 |     1 |       ||     2
Armor: Scale mail        |    80 |    38 |    43 |       |       ||   161
       Chain mail        |       |       |   145 |   186 |       ||   331
       Plate armour      |       |       |       |    93 |     8 ||   101
Dodge: Dodged            |    63 |    51 |   136 |   257 |    10 ||   517
       Repelled          |       |       |     2 |     1 |       ||     3
Block: Buckler           |    48 |    32 |    94 |   189 |     3 ||   366

Table legend: (Time is in decaauts)
 A = Elapsed time spent in this place.
 B = Non-inter-level travel time spent in this place.
 C = Inter-level travel time spent in this place.
 D = Time resting spent in this place.
 E = Time spent auto-exploring this place.
 F = Levels seen in this place.
 G = Mean time per level.
                   A        B        C        D        E       F      G
               +--------+--------+--------+--------+--------+-----+--------+
         Total |  17215 |  16288 |    927 |   4043 |   8603 |  14 | 1229.6 |
       Dungeon |  15907 |  15198 |    709 |   4043 |   7946 |  11 | 1446.1 |
        Temple |    212 |    128 |     84 |      0 |    111 |   1 |  212.0 |
          Lair |   1095 |    961 |    134 |      0 |    546 |   2 |  547.5 |
               +--------+--------+--------+--------+--------+-----+--------+

Top non-repeatable levels by time:
    D:10: 2379 daAuts
     D:8: 2073 daAuts
     D:3: 1911 daAuts
     D:9: 1799 daAuts
     D:7: 1578 daAuts
     D:5: 1524 daAuts
     D:6: 1483 daAuts
     D:4: 1234 daAuts
     D:2: 1064 daAuts
  Lair:1: 1055 daAuts
     D:1: 791 daAuts
  Temple: 212 daAuts
    D:11: 67 daAuts
  Lair:2: 40 daAuts
